 Dungeon Crawl Stone Soup version 0.23-a0-126-g19e28b4 (webtiles) character file.

10535 Amnesiac the Destroyer (level 11, -15/68 HPs)
             Began as a Mummy Air Elementalist on Aug 26, 2018.
             Was a High Priest of Sif Muna.
             Hit by a javelin thrown by a minotaur (36 damage)
             ... in a labyrinth.
             The game lasted 00:29:54 (12983 turns).

Amnesiac the Destroyer (Mummy Air Elementalist)    Turns: 12983, Time: 00:29:55

Health: -15/68     AC:  9    Str: 11    XL:     11   Next: 37%
Magic:  16/42      EV: 11    Int: 17    God:    Sif Muna [*****.]
Gold:   483        SH:  0    Dex: 22    Spells: 16/29 levels left

rFire    x . .     SeeInvis .   a - staff of air
rCold    + + .     Gourm    .   (no shield)
rNeg     + + +     Faith    .   v - +3 ring mail of the Beginning {rElec rC+ Dex+4}
rPois    ∞         Spirit   .   (no helmet)
rElec    +         Reflect  .   n - +0 cloak
rCorr    .         Harm     .   (no gloves)
MR       +....                  (no boots)
Stlth    ++........             (no amulet)
HPRegen  0.21/turn              u - ring "Rocaz" {+Blink MP+9 Dex+4}
MPRegen  0.28/turn              g - ring of magical power

@: very slightly contaminated, divine energy
A: no food or potions, fire vulnerability, cold resistance 1, negative energy
resistance 3, torment resistance, unbreathing
a: Stop Divine Energy, Channel Magic, Forget Spell, Renounce Religion, Evoke
Blink


You were in a labyrinth.
You worshipped Sif Muna.
Sif Muna was extremely pleased with you.
You were not hungry.

You visited 1 branch of the dungeon, and saw 11 of its levels.
You also visited: Labyrinth.

You collected 483 gold pieces.

Inventory:

Hand Weapons
 b - a +0 blowgun
 y - a +0 mace
Missiles
 k - 4 curare-tipped needles
Armour
 c - a +1 ring mail of fire resistance
 n - a +0 cloak (worn)
 v - the +3 ring mail of the Beginning (worn) {rElec rC+ Dex+4}
   (You took it off an orc priest on level 5 of the Dungeon)

   It affects your dexterity (+4).
   It protects you from cold.
   It insulates you from electricity.
 G - a +2 troll leather armour {Snorg}
Magical Staves
 a - an uncursed staff of air (weapon)
Jewellery
 g - a ring of magical power (right hand)
 p - an uncursed ring of fire
 u - the ring "Rocaz" (left hand) {+Blink MP+9 Dex+4}
   (You took it off a big kobold on level 7 of the Dungeon)

   [ring of magical power]

   It affects your dexterity (+4).
   It affects your magic capacity (+9).
   It lets you blink.
 w - the ring "Netodwyu" {MR+ Slay+3}
   (You took it off an orc priest on level 7 of the Dungeon)

   [ring of protection from magic]

   It affects your accuracy and damage with ranged weapons and melee attacks
   (+3).
   It affects your resistance to hostile enchantments.
 x - the ring of Lukkeci {+Fly rElec rC+}
   (You found it on level 7 of the Dungeon)

   [ring of flight]

   It protects you from cold.
   It insulates you from electricity.
   It lets you fly.
 D - an uncursed amulet of guardian spirit {unknown}
Wands
 f - a wand of polymorph (18)
 j - a wand of acid (4)
 q - a wand of enslavement (13)
 r - a wand of paralysis (11)
 s - a wand of flame (25)
 B - a wand of iceblast (13)
 E - a wand of clouds (2)
Scrolls
 d - 3 scrolls of enchant armour {!r}
 e - 7 scrolls of teleportation {!r}
 h - 2 scrolls of blinking {!r}
 i - 3 scrolls of remove curse {!r}
 l - 2 scrolls of fog {!r}
 m - a scroll of summoning {!r}
 o - 2 scrolls of magic mapping {!r}
 t - 4 scrolls of amnesia {!r}
 z - 3 scrolls of identify {!r}
 A - a scroll of enchant weapon {!r}
 C - a scroll of vulnerability {!r}
 F - a scroll of brand weapon {!r}


   Skills:
 - Level 1.5 Dodging
 - Level 1.5 Stealth
 + Level 9.8 Spellcasting
 * Level 9.9 Conjurations
 * Level 9.9 Air Magic


You had 16 spell levels left.
You knew the following spells:

 Your Spells              Type           Power        Failure   Level  Hunger
a - Airstrike             Air            ######....   3%          4    N/A
b - Summon Butterflies    Summ           #.......     22%         1    N/A
d - Lightning Bolt        Conj/Air       ######....   10%         5    N/A
e - Shock                 Conj/Air       ####         1%          1    N/A
z - Swiftness             Chrm/Air       #####...     4%          2    N/A

Your spell library contained the following spells:

 Spells                   Type           Power        Failure   Level  Hunger
 Static Discharge         Conj/Air       ######..     1%          3    N/A
 Throw Frost              Conj/Ice       ####..       4%          2    N/A
 Animate Skeleton         Necr           N/A          22%         1    N/A
 Apportation              Tloc           #.....       22%         1    N/A
 Confusing Touch          Hex            #.....       22%         1    N/A
 Freeze                   Ice            #...         22%         1    N/A
 Pain                     Necr           #...         22%         1    N/A
 Summon Small Mammal      Summ           #...         22%         1    N/A
 Throw Icicle             Conj/Ice       ####....     28%         4    N/A
 Lesser Beckoning         Tloc           #.........   54%         3    N/A
 Ozocubu's Armour         Chrm/Ice       #.......     54%         3    N/A
 Tukima's Dance           Hex            #.......     54%         3    N/A
 Vampiric Draining        Necr           #.........   54%         3    N/A
 Animate Dead             Necr           N/A          91%         4    N/A
 Summon Ice Beast         Ice/Summ       #.......     91%         4    N/A
 Alistair's Intoxication  Tmut/Pois      #.......     99%         5    N/A
 Invisibility             Hex            #.......     100%        6    N/A
 Regeneration             Chrm/Necr      Unusable     N/A         3    N/A

Dungeon Overview and Level Annotations

Branches:
Dungeon (11/15)            Temple (0/1) D:6            Lair (0/6) D:11
    Orc: D:9-12

Altars:
Cheibriados
Elyvilon
Sif Muna
Xom
The Shining One

Shops:
D:5 (

Annotations:
D:5 sif book


Innate Abilities, Weirdness & Mutations

You do not eat or drink.
Your flesh is vulnerable to fire.
You are immune to poison.
Your flesh is cold resistant. (rC+)
You are immune to negative energy. (rN+++)
You are immune to unholy pain and torment.
You can survive without breathing.


Message History

Your butterfly is engulfed in noxious fumes.
Your butterfly appears confused.
Your butterfly is engulfed in noxious fumes.
Your butterfly appears confused.
The minotaur is engulfed in noxious fumes.
Casting: Airstrike (safe; 3% risk of failure)
Confirm with . or Enter, or press ? or * to list all spells.
Aiming: Airstrike (safe; 3% risk of failure)
Press: ? - help, Dir - move target cursor, f/p - minotaur
Aim: a minotaur, wearing a chain mail (noxious fumes, heavily wounded, The air twists around and strikes the minotaur!
The minotaur is heavily wounded.
The minotaur is engulfed in noxious fumes.
Your butterfly is engulfed in noxious fumes.
Your butterfly appears confused.
Casting: Airstrike (safe; 3% risk of failure)
Confirm with . or Enter, or press ? or * to list all spells.
Aiming: Airstrike (safe; 3% risk of failure)
Press: ? - help, Dir - move target cursor, f/p - minotaur
Aim: a minotaur, wearing a chain mail (noxious fumes, heavily wounded, The air twists around and strikes the minotaur!
The minotaur is heavily wounded.
The minotaur seems less confused.
The minotaur is engulfed in noxious fumes.
You swap places.
The minotaur is engulfed in noxious fumes.
The minotaur hits your butterfly!!
Your butterfly dies!
Casting: Airstrike (safe; 3% risk of failure)
Confirm with . or Enter, or press ? or * to list all spells.
You miscast Summon Butterflies.
You are very lightly contaminated with residual magic.
You hear strange voices.
Unknown command.
Unknown command.
Evoke which item? (* to show all) (? for menu, Esc to quit)
Aiming: Cloud Cone
Press: ? - help, Dir - move target cursor, f/p - minotaur
Aim: a minotaur, wearing a chain mail (heavily wounded, poisoned) Really cloud your butterfly?
You create a blast of flame!
Your butterfly is engulfed in blazing flames.
You kill your butterfly!
The minotaur is engulfed in blazing flames.
The minotaur throws a javelin.
The javelin closely misses you.
Casting: Summon Butterflies (safe; 22% risk of failure)
Confirm with . or Enter, or press ? or * to list all spells.
Okay, then.
Casting: Summon Butterflies (safe; 22% risk of failure)
Confirm with . or Enter, or press ? or * to list all spells.
Okay, then.
a - an uncursed staff of air (weapon)
Casting: Summon Butterflies (safe; 22% risk of failure)
Confirm with . or Enter, or press ? or * to list all spells.
Aiming: Airstrike (safe; 3% risk of failure)
Press: ? - help, Dir - move target cursor, f/p - minotaur
Aim: a minotaur, wearing a chain mail (flame, severely wounded, poisoned)
You feel a surge of power!
The air twists around and strikes the minotaur!
The minotaur is severely wounded.
The minotaur is engulfed in blazing flames.
The minotaur throws a javelin.
The javelin hits you!!!
Ouch! That really hurt!
You die...

...... .......
.#### .## ### #..
.#.# ### #.# #.#
## .. ... .#
#.#.###.## # #..
#.......# #
.#######.### # #
. #
......§§§§@.#...#
# ###.####H####
.## . #(# #.. #
#H# #. ## # .# #
..< #.. . . # #
+⌠.( # # # . .
#...⌠ # . # . ##
#. .(# # ## . .
##+### #. #


You could see a minotaur.

Vanquished Creatures
  Snorg (D:10)
  A deep elf mage (D:7)
  Pikel (D:6)
  An ugly thing (D:11)
  Maurice (D:8)
  2 centaur zombies
  Psyche (D:10)
  A gargoyle (Lab)
  A troll (D:11)
  4 hippogriffs
  Prince Ribbit (D:6)
  3 hogs (D:8)
  A human (D:8)
  The ghost of nikopol the Magician, an amateur DEFE (D:4)
  3 porcupines (D:11)
  4 slaves (D:6)
  4 ice beasts
  An orc warrior (D:9)
  8 sky beasts
  4 black bears
  A necrophage (D:5)
  2 ogres
  An eye of draining (D:8)
  2 centaurs
  3 big kobolds
  5 bullfrogs
  An earth elemental (Lab)
  3 scorpions
  6 killer bees (D:9)
  3 howler monkeys
  7 crimson imps
  2 quasits
  A bullfrog zombie (D:9)
  4 hounds
  2 jellies
  A centaur skeleton (D:9)
  3 orc priests
  14 orc wizards
  3 iguanas
  7 worker ants
  2 hound zombies
  A hound skeleton (D:5)
  4 worker ant zombies
  10 adders
  2 howler monkey skeletons
  5 shadow imps
  An adder zombie (D:9)
  2 adder skeletons
  A worm (D:2)
  4 dart slugs
  7 leopard geckos
  16 orcs
  A ball python (D:5)
  4 giant cockroaches
  6 goblins
  6 hobgoblins
  6 jackals
  3 quokkas
  5 bats
  6 frilled lizards
  14 kobolds
  A quokka skeleton (D:7)
  10 rats
232 creatures vanquished.

Vanquished Creatures (others)
  A hog (D:8)
  A fungus (D:11)
2 creatures vanquished.

Grand Total: 234 creatures vanquished

Notes
Turn   | Place    | Note
-------+----------+-------------------------------------------
     0 | D:1      | Amnesiac the Mummy Air Elementalist began the quest for the
                  | Orb.
     0 | D:1      | Reached XP level 1. HP: 13/13 MP: 4/4
   257 | D:2      | Found a white marble altar of Elyvilon.
   411 | D:2      | Reached XP level 2. HP: 11/19 MP: 1/5
   420 | D:2      | Learned a level 2 spell: Swiftness
   677 | D:4      | Reached XP level 3. HP: 24/24 MP: 4/7
   690 | D:4      | Reached XP level 4. HP: 17/30 MP: 0/9
   756 | D:4      | Learned a level 4 spell: Airstrike
  1078 | D:4      | Reached XP level 5. HP: 35/35 MP: 7/11
  1278 | D:4      | Found a runed door.
  1279 | D:4      | Noticed nikopol's ghost (amateur DEFE)
  1342 | D:4      | Found a snail-covered altar of Cheibriados.
  1487 | D:4      | Found a shimmering altar of Xom.
  1735 | D:4      | Reached XP level 6. HP: 38/41 MP: 5/13
  1742 | D:4      | Learned a level 5 spell: Lightning Bolt
  1864 | D:4      | Reached skill level 5 in Spellcasting
  1864 | D:4      | Reached skill level 5 in Air Magic
  1930 | D:4      | Killed nikopol's ghost
  1997 | D:5      | Entered Level 5 of the Dungeon
  2016 | D:5      | Found Saolum's Antique Weapon Shop.
  2056 | D:5      | Noticed a sky beast
  2061 | D:5      | Killed a sky beast
  2061 | D:5      | Reached XP level 7. HP: 46/46 MP: 2/15
  2838 | D:5      | Reached XP level 8. HP: 52/52 MP: 18/18
  3296 | D:5      | Got a crude ring mail
  3297 | D:5      | Found a deep blue altar of Sif Muna.
  3301 | D:5      | Became a worshipper of Sif Muna the Loreminder
  3305 | D:5      | Reached skill level 1 in Conjurations
  3407 | D:5      | Identified the +3 ring mail of the Beginning {rElec rC+
                  | Dex+4} (You took it off an orc priest on level 5 of the
                  | Dungeon)
  4107 | D:6      | Noticed Pikel
  4117 | D:6      | Killed Pikel
  4117 | D:6      | Reached * piety under Sif Muna
  4117 | D:6      | Reached XP level 9. HP: 55/57 MP: 21/21
  4183 | D:6      | Noticed Prince Ribbit
  4191 | D:6      | Killed Prince Ribbit
  4191 | D:6      | Reached skill level 5 in Conjurations
  4464 | D:6      | Found a staircase to the Ecumenical Temple.
  4512 | D:6      | Found a white marble altar of Elyvilon.
  5719 | D:7      | Reached ** piety under Sif Muna
  5728 | D:7      | Found a white marble altar of Elyvilon.
  5998 | D:7      | Noticed a deep elf mage
  6015 | D:7      | Killed a deep elf mage
  6174 | D:7      | Got a shimmering steel ring
  6176 | D:7      | Identified the ring "Rocaz" {+Blink MP+9 Dex+4} (You took
                  | it off a big kobold on level 7 of the Dungeon)
  6189 | D:7      | Reached XP level 10. HP: 59/63 MP: 18/22
  6339 | D:7      | Got a clouded jade ring
  6341 | D:7      | Identified the ring "Netodwyu" {MR+ Slay+3} (You took it
                  | off an orc priest on level 7 of the Dungeon)
  6367 | D:7      | Got a flickering bronze ring
  6370 | D:7      | Got a transparent ivory ring
  7724 | D:3      | Reached *** piety under Sif Muna
  8354 | D:5      | Identified Sif Muna's Volume of Hexes
  8364 | D:5      | Identified the ring of Lukkeci {+Fly rElec rC+} (You found
                  | it on level 7 of the Dungeon)
  8366 | D:5      | Identified the ring of Xoonute {*Tele +Fly rElec rC- MR++}
                  | (You found it on level 7 of the Dungeon)
  8586 | D:8      | Noticed Maurice
  8602 | D:8      | Killed Maurice
 10294 | D:9      | Reached **** piety under Sif Muna
 10926 | D:9      | Identified a scroll of acquirement {!r}
 11149 | D:10     | Entered Level 10 of the Dungeon
 11395 | D:10     | Found a glowing golden altar of the Shining One.
 11398 | D:10     | Noticed Psyche
 11405 | D:10     | Killed Psyche
 11413 | D:10     | Reached XP level 11. HP: 68/68 MP: 8/24
 11691 | D:10     | Noticed Snorg
 11705 | D:10     | Killed Snorg
 12031 | D:11     | Noticed a purple ugly thing
 12057 | D:11     | Killed a purple ugly thing
 12244 | D:11     | Found a labyrinth entrance.
 12249 | Lab      | Entered a labyrinth
 12255 | Lab      | Learned a level 1 spell: Summon Butterflies
 12636 | Lab      | Reached ***** piety under Sif Muna
 12964 | Lab      | Noticed a minotaur
 12983 | Lab      | Hit by a javelin thrown by a minotaur

Vault maps used:
D:1:      dpeg_arrival_solitude, serial_bayou, serial_bayou_lagoon_a,
          serial_bayou_crossing, serial_bayou_pond_a, serial_bayou_ford_a,
          minmay_misc_feat_hallway
D:2:      overflow_temple_1_default, first_ration, kennysheep_generic_room_3
D:4:      overflow_temple_1_default, led_xom_imps, ebering_ghost_reflecting_pool
D:5:      led_sif_book, serial_shops, shop_statue, moated_statue
D:6:      lemuel_temple_firewalk_b, basic_altar, item_on_display_a,
          uniq_prince_ribbit1, uniq_pikel
D:7:      minmay_the_grid_triangle_9x9_rhombus_thin, kennysheep_flooded_box
D:8:      grunt_livestock, uniq_maurice
D:10:     tso_metal_star, uniq_snorg, uniq_psyche
D:11:     due_lair_maze_entry_diamond, lab_entry_generic, cheibriados_altar_1
Lab:      labyrinth_hidden_loot, labyrinth_fake_exit, lab_block,
          nicolae_lab_quarters, nicolae_lab_big_swirl,
          labyrinth_skeletal_remains, nicolae_lab_starburst,
          nicolae_lab_grate_2, nicolae_lab_garden

Skill      XL: |  1  2  3  4  5  6  7  8  9 10 |
---------------+-------------------------------+-----
Spellcasting   | 3 4 5 6 8 9 |  9.8
Air Magic      | 3 4 5 6 8 9 |  9.9
Conjurations   | 4 7 9 |  9.9
Dodging        | |  1.5
Stealth        | |  1.5

Action                   |  1- 3 |  4- 6 |  7- 9 | 10-12 || total
-------------------------+-------+-------+-------+-------++-------
Melee: Mace              |       |    18 |       |     7 ||    25
       Blowgun           |       |       |     1 |     1 ||     2
 Fire: Blowgun           |     1 |     8 |    14 |    15 ||    38
 Cast: Shock             |    28 |    73 |    34 |     5 ||   140
       Airstrike         |       |     2 |   114 |   269 ||   385
       Lightning Bolt    |       |       |     1 |     4 ||     5
       Summon Butterflie |       |       |       |     1 ||     1
Invok: Divine Energy     |       |       |     1 |       ||     1
 Abil: Evoke Blink       |       |       |       |     3 ||     3
Evoke: Wand              |       |       |       |     4 ||     4
  Use: Scroll            |       |     5 |     6 |     8 ||    19
Armor: Robe              |     4 |    51 |     8 |       ||    63
       Ring mail         |       |       |    11 |    36 ||    47
Dodge: Dodged            |     9 |    89 |    20 |    60 ||   178

Table legend:
 A = Non-vault XP
 B = Vault XP
 C = Vault XP percentage of total XP
 D = Non-vault monster count
 E = Vault monster count
 F = Vault count percentage of total count
                 A         B        C        D         E       F
            +---------+---------+-------+---------+---------+-------
      Total |    7758 |    7292 |  48.5 |     189 |      40 |  17.5
            +---------+---------+-------+---------+---------+-------
        D:1 |      35 |       0 |   0.0 |      23 |       0 |   0.0
        D:2 |      55 |       3 |   5.2 |      18 |       2 |  10.0
        D:3 |      30 |      50 |  62.5 |      11 |       1 |   8.3
        D:4 |     346 |     292 |  45.8 |      15 |       4 |  21.1
        D:5 |    1617 |      78 |   4.6 |      26 |       2 |   7.1
        D:6 |     546 |     897 |  62.2 |      11 |       2 |  15.4
        D:7 |     299 |    1774 |  85.6 |       6 |      13 |  68.4
        D:8 |    1091 |    1309 |  54.5 |      19 |       6 |  24.0
        D:9 |    1750 |       0 |   0.0 |      45 |       0 |   0.0
       D:10 |     620 |    1624 |  72.4 |      11 |       2 |  15.4
       D:11 |    1369 |     765 |  35.8 |       4 |       6 |  60.0
        Lab |       0 |     500 | 100.0 |       0 |       2 | 100.0
            +---------+---------+-------+---------+---------+-------
